 Dungeon Crawl Stone Soup version 0.21.0 (webtiles) character file.

125 MovingMist the Agent of Entropy (level 4, -3/36 HPs)
             Began as a Demonspawn Abyssal Knight on Jan 7, 2018.
             Was a Priest of Lugonu.
             Slain by an orc priest
             ... wielding a +0 trident
              (5 damage)
             ... on level 3 of the Dungeon.
             The game lasted 00:04:35 (2077 turns).

MovingMist the Agent of Entropy (DsAK)              Turns: 2077, Time: 00:04:36

Health: -3/36      AC:  3    Str: 13    XL:     4   Next: 82%
Magic:  7/7        EV: 12    Int: 14    God:    Lugonu [***...]
Gold:   248        SH:  0    Dex: 12    Spells: 3/3 levels left

rFire    . . .     SeeInvis .   a - +1 hand axe
rCold    . . .     Gourm    .   (no shield)
rNeg     . . .     Faith    .   b - +0 leather armour
rPois    .         Spirit   .   (no helmet)
rElec    .         Reflect  .   (no cloak)
rCorr    .         Harm     .   (no gloves)
MR       .....                  (no boots)
Stlth    +.........             (no amulet)
HPRegen  0.12/turn              (no ring)
MPRegen  0.10/turn              (no ring)

@: no status effects
A: claws 1, spiny 1
a: Depart the Abyss, Bend Space, Banish, Renounce Religion


You were on level 3 of the Dungeon.
You worshipped Lugonu.
Lugonu was most pleased with you.
You were not hungry.

You visited 1 branch of the dungeon, and saw 3 of its levels.
You visited the Abyss 1 time.

You collected 248 gold pieces.

Inventory:

Hand Weapons
 a - a +1 hand axe (weapon)
Armour
 b - a +0 leather armour (worn)
Scrolls
 e - 8 scrolls of identify {unknown}
 f - a scroll of noise {unknown}
 g - 2 scrolls of enchant armour {unknown}
 h - a scroll of magic mapping {unknown}
 j - a scroll of fear {unknown}
 m - a scroll of remove curse {unknown}
 o - a scroll of teleportation {unknown}
Potions
 i - a potion of lignification {unknown}
 k - a potion of mutation {unknown}
 l - 3 potions of curing {unknown}
 n - a potion of resistance {unknown}
 p - 2 potions of berserk rage {unknown}
Comestibles
 c - 5 rations
 d - 3 chunks of flesh


   Skills:
 + Level 3.6 Fighting
 + Level 2.5 Axes
 - Level 1.7 Armour
 + Level 1.9 Dodging
 * Level 4.5 Invocations


You had 3 spell levels left.
You didn't know any spells.

Dungeon Overview and Level Annotations

Branches:
Dungeon (3/15)

Altars:


Innate Abilities, Weirdness & Mutations

You have sharp fingernails.
You are partially covered in sharp spines.


Message History

* * * LOW HITPOINT WARNING * * *
You hit the orc priest but do no damage.
The orc priest is heavily wounded.
The orc priest hits you with a trident.
* * * LOW HITPOINT WARNING * * *
You hit the orc priest.
The orc priest is heavily wounded.
The orc priest hits you with a trident.
* * * LOW HITPOINT WARNING * * *
Press: ? - help, Shift-Dir - straight line, f - orc priest
Aim: an orc priest, wielding a trident and wearing a ring mail (heavily wounded, chance to defeat MR: 83%)
You fail to use your ability.
The orc priest misses you.
You hit the orc priest but do no damage.
The orc priest is heavily wounded.
The orc priest is struck by your spines.
The orc priest barely misses you.
Press: ? - help, Shift-Dir - straight line, f/p - orc priest
Aim: an orc priest, wielding a trident and wearing a ring mail (severely wounded, chance to defeat MR: 83%)
You fail to use your ability.
The orc priest hits you with a trident.
You die...

###. #.# #. #.# #. #.#
# ... .... #.# #..#
#.# #.># #o# #..###
#@# #.... ##.# #..# #
#.###.)#####..###.#
#.....)...........#.#
#.###<######........#
#.# #..#####.# #.#
#..#
#.###.######..#######.
#.........)...........


You could see an orc priest.

Vanquished Creatures
  An orc wizard (D:3)
  An adder (D:2)
  An ooze (D:1)
  3 worms (D:2)
  A dart slug (D:1)
  3 leopard geckos
  An orc (D:3)
  A ball python (D:1)
  4 giant cockroaches
  5 goblins
  10 hobgoblins
  11 jackals
  5 bats
  5 frilled lizards
  9 kobolds
  10 rats
  A fungus (D:1)
72 creatures vanquished.

Notes
Turn   | Place    | Note
-------+----------+-------------------------------------------
     0 | Abyss:1  | MovingMist the Demonspawn Abyssal Knight began the quest for the Orb.
     0 | Abyss:1  | Reached XP level 1. HP: 18/18 MP: 2/2
    11 | D:1      | Escaped the Abyss
    36 | D:1      | Reached skill level 1 in Dodging
   242 | D:1      | Reached skill level 3 in Invocations
   242 | D:1      | Gained mutation: You are partially covered in sharp spines. [demonic ancestry]
   242 | D:1      | Reached XP level 2. HP: 15/24 MP: 2/4
   432 | D:1      | Reached ** piety under Lugonu
   466 | D:1      | Reached XP level 3. HP: 24/29 MP: 5/5
  1161 | D:2      | Reached skill level 4 in Invocations
  1161 | D:2      | Gained mutation: You have sharp fingernails. [demonic ancestry]
  1161 | D:2      | Reached XP level 4. HP: 17/35 MP: 5/7
  1437 | D:2      | Reached *** piety under Lugonu
  2074 | D:3      | HP: 1/36 [orc priest/trident (3)]
  2077 | D:3      | Slain by an orc priest

Skill      XL: |  1  2  3 |
---------------+----------+-----
Dodging        | 1 |  1.9
Invocations    | 3 4 |  4.5
Axes           | 2 |  2.5
Fighting       | |  3.6
Armour         | |  1.7

Action                   |  1- 3 |  4- 6 || total
-------------------------+-------+-------++-------
Melee: Hand axe          |   108 |    60 ||   168
  Eat: Chunk             |     1 |     3 ||     4
Armor: Leather armour    |    21 |    17 ||    38
Dodge: Dodged            |    73 |    42 ||   115
